 Dungeon Crawl Stone Soup version 0.28-a0-1447-ga5a8893891 (webtiles) character file.

Game seed: 2962966945363528730

140 riojii the Chopper (level 5, -3/45 HPs)
             Began as a Hill Orc Warper on Jan 11, 2022.
             Killed from afar by Ijyb (9 damage)
             ... with a puff of flame
             ... on level 3 of the Dungeon.
             The game lasted 00:07:57 (5114 turns).

riojii the Chopper (Hill Orc Warper)                Turns: 5114, Time: 00:07:58

Health: -3/45      AC:  6    Str: 16    XL:     5   Next: 23%
Magic:  7/7        EV: 11    Int: 13    God:
Gold:   219        SH:  0    Dex: 10    Spells: 7/7 levels left

rFire   . . .      SeeInvis .   a - +0 hand axe
rCold   . . .      Faith    .   (no shield)
rNeg    . . .      Spirit   .   k - +0 ring mail
rPois   .          Reflect  .   l - +0 helmet
rElec   .          Harm     .   (no cloak)
rCorr   .          Rampage  .   (no gloves)
Will    .....                   (no boots)
Stlth   ..........              (no amulet)
HPRegen 0.15/turn               (no ring)
MPRegen 0.10/turn               (no ring)

@: no status effects
A: no striking features
a: no special abilities


You were on level 3 of the Dungeon.
You visited 1 branch of the dungeon, and saw 3 of its levels.

You collected 219 gold pieces.

Inventory:

Hand Weapons
 a - a +0 hand axe (weapon)
Missiles
 d - 5 boomerangs of dispersal (quivered)
Armour
 k - a +0 ring mail (worn)
 l - a +0 helmet (worn)
Scrolls
 b - a scroll of teleportation
 c - a scroll of blinking
 m - a scroll of identify
Potions
 e - a potion of brilliance
 f - a potion of flight


   Skills:
 + Level 3.4 Fighting
 * Level 4.5 Axes
 - Level 0.8 Throwing
 + Level 2.3 Armour
 + Level 2.2 Dodging
 - Level 1.5 Spellcasting
 + Level 2.9 Translocations


You had 7 spell levels left.
You didn't know any spells.
Your spell library contained the following spells:

 Spells                   Type           Power      Damage    Failure   Level
 Blink                    Tloc           16%        N/A       22%         2
 Gell's Gravitas          Tloc           8%         N/A       41%         3
 Lesser Beckoning         Tloc           8%         N/A       41%         3
 Teleport Other           Tloc           8%         N/A       41%         3
 Manifold Assault         Tloc           8%         N/A       99%         5


Dungeon Overview and Level Annotations

Branches:
Dungeon (3/15)

Altars:

Shops:
D:2 :*(?=

Annotations:
D:3 Ijyb


Message History

You hit Ijyb.
Ijyb is severely wounded.
Ijyb hits you but does no damage.
You hit Ijyb but do no damage.
Ijyb is severely wounded.
Ijyb completely misses you.
You barely miss Ijyb. You punch Ijyb, but do no damage.
Ijyb is heavily wounded.
Ijyb barely misses you.
You completely miss Ijyb.
Ijyb is heavily wounded.
Ijyb hits you with a +0 dagger.
You hit Ijyb.
Ijyb is severely wounded.
Ijyb zaps a wand.
The puff of flame misses you.
You barely miss Ijyb.
Ijyb is severely wounded.
Ijyb hits you with a +0 dagger.
You hit Ijyb.
Ijyb is almost dead.
Ijyb closely misses you.
You hit Ijyb.
Ijyb is almost dead.
Ijyb hits you but does no damage.
You closely miss Ijyb.
Ijyb is almost dead.
Ijyb zaps a wand.
The puff of flame hits you!
* * * LOW HITPOINT WARNING * * *
Ijyb misses you.
You closely miss Ijyb.
Ijyb is almost dead.
Ijyb barely misses you.
You hit Ijyb but do no damage.
Ijyb is almost dead.
Ijyb hits you with a +0 dagger.
* * * LOW HITPOINT WARNING * * *
You barely miss Ijyb.
Ijyb is almost dead.
Ijyb zaps a wand.
The puff of flame hits you!
You die...

#.. #.. # . #.. .##. . #+#
.g..####. #.. .......>#
#.. ........# #..
........##### ### #####.#
........#@..####.##.##...#
##....bg........##..#...#
.........########....#...#
................'.........
.......#.###.##.#...#....#
....#..... #.#...#..#.#
.../#.....# #.#...##.#..
### #.....#####.#...##.#.#
......#.....#.........


You could see Ijyb and a bat.

Vanquished Creatures
  Jessica (D:3)
  An orc wizard (D:2)
  Robin (D:2)
  A worm (D:2)
  4 dart slugs
  4 orcs (D:3)
  5 bats
  3 endoplasms
  4 giant cockroaches
  12 goblins
  6 hobgoblins
  7 jackals
  A kobold (D:3)
  2 ball pythons
  5 frilled lizards
  4 rats
61 creatures vanquished.

Notes
Turn   | Place    | Note
-------+----------+-------------------------------------------
     0 | D:1      | riojii the Hill Orc Warper began the quest for the Orb.
     0 | D:1      | Reached XP level 1. HP: 18/18 MP: 3/3
   112 | D:1      | Reached skill level 3 in Axes
   159 | D:1      | Reached XP level 2. HP: 19/25 MP: 4/4
  1131 | D:2      | Found a faded altar of an unknown god.
  1191 | D:2      | Reached XP level 3. HP: 25/30 MP: 5/5
  1362 | D:2      | Found Fessoggi's General Store.
  1392 | D:2      | Noticed Robin
  2141 | D:2      | Killed Robin
  2408 | D:2      | Found Dosaamu's Book Shop.
  2414 | D:2      | Reached XP level 4. HP: 38/38 MP: 6/6
  2684 | D:2      | Found Keam's Weapon Shoppe.
  2955 | D:2      | Found Giokaizu's Magic Scroll Shop.
  2977 | D:2      | Found Ozxupoq's Jewellery Shoppe.
  3773 | D:3      | Reached skill level 4 in Axes
  4470 | D:3      | Noticed Jessica
  4484 | D:3      | Killed Jessica
  4485 | D:3      | Reached XP level 5. HP: 8/45 MP: 7/7
  5083 | D:3      | Noticed Ijyb
  5114 | D:3      | Killed from afar by Ijyb

Illustrated notes

Levels and vault maps discovered:
D:1:      lightli_arrival_chessboard, layout_basic
D:2:      layout_loops_corners, serial_shops, shop, shop,
          nicolae_shop_bloodbath_and_beyond, nicolae_shop_hallway_plus,
          shop_coins, hellmonk_ecumenical_altar_arch_garden, uniq_robin
D:3:      layout_basic, uniq_jessica, uniq_crazy_yiuf_cottage, uniq_ijyb

Skill      XL: |  1  2  3  4 |
---------------+-------------+-----
Axes           | 3 4 |  4.5
Fighting       | 3 |  3.4
Dodging        | 2 |  2.2
Armour         | 2 |  2.3
Throwing       | |  0.8
Spellcasting   | |  1.5
Translocations | |  2.9

Action                   |  1- 3 |  4- 6 || total
-------------------------+-------+-------++-------
Melee: Hand axe          |   131 |   154 ||   285
       Punch             |     1 |     6 ||     7
  Use: Scroll            |       |    11 ||    11
Armor: Leather armour    |    46 |       ||    46
       Ring mail         |    32 |    73 ||   105
Dodge: Dodged            |   104 |    81 ||   185

Table legend: (Time is in decaauts)
 A = Elapsed time spent in this place.
 B = Non-inter-level travel time spent in this place.
 C = Inter-level travel time spent in this place.
 D = Time resting spent in this place.
 E = Time spent auto-exploring this place.
 F = Levels seen in this place.
 G = Mean time per level.
                   A        B        C        D        E       F      G
               +--------+--------+--------+--------+--------+-----+--------+
         Total |   5149 |   5024 |    125 |   1743 |   2636 |   3 | 1716.3 |
       Dungeon |   5149 |   5024 |    125 |   1743 |   2636 |   3 | 1716.3 |
               +--------+--------+--------+--------+--------+-----+--------+

Top non-repeatable levels by time:
     D:2: 2309 daAuts
     D:1: 1760 daAuts
     D:3: 1079 daAuts
